[Event "Early-Titled-Tuesday-Blitz-January-23-2024"]
[Site "Chess.com"]
[Date "2024.01.23"]
[Round "4"]
[White "ahkashefi2800"]
[Black "frederiksvane"]
[Result "0-1"]
[WhiteElo "2579"]
[BlackElo "2935"]
[TimeControl "180+1"]
[EndTime "8:38:10 PST"]
[Termination "frederiksvane won by checkmate"]

1. Nf3 c5 2. g3 g6 3. Bg2 Bg7 4. O-O Nc6 5. c4 d6 6. Nc3 Bf5 7. d3 Qd7 8. e4 Bg4 9. Be3 e6 10. h3 Bxf3 11. Qxf3 Nge7 12. Qe2 O-O 13. h4 Rab8 14.
Rac1 Nd4 15. Qd1 b5 16. b3 b4 17. Ne2 Nec6 18. Nxd4 Nxd4 19. f4 a5 20. g4 f5 21.
exf5 exf5 22. Bd5+ Kh8 23. h5 Rbe8 24. Bxd4 Bxd4+ 25. Kg2 fxg4 26. hxg6 Qf5 27. gxh7 Rf6 28. Rc2 Rh6 29.
Rh1 Rxh1 30. Qxh1 Qxd3 31. Qc1 Qh3# 0-1

[Event "Early-Titled-Tuesday-Blitz-January-23-2024"]
[Site "Chess.com"]
[Date "2024.01.23"]
[Round "4"]
[White "ViIIagra"]
[Black "doctorcristian"]
[Result "1-0"]
[WhiteElo "2967"]
[BlackElo "2609"]
[TimeControl "180+1"]
[EndTime "8:38:10 PST"]
[Termination "ViIIagra won by checkmate"]

1. g3 g6 2. e4 Bg7 3. Bg2 c5 4. d3 Nc6 5. f4 d6 6. Nf3 e5 7. O-O exf4 8. gxf4 Nge7 9. Nc3 f5 10.
Be3 O-O 11. Qd2 Kh8 12. Rae1 Be6 13. Bf2 Qd7 14. e5 b6 15. exd6 Qxd6 16. Nb5 Qd7 17. Nc7 Qxc7 18. Rxe6 Rad8 19. Rfe1 Nd5 20. Bh4 Rd7 21.
Rxc6 Qxc6 22. Ne5 Qd6 23. Nxd7 Qxd7 24. Bxd5 Qxd5 25. c3 Qxa2 26. Re7 Rf7 27. Re8+ Rf8 28. Re7 Qa4 29. Kg2 Qc6+ 30. Kg3 Qh1 31. Qe2 Qg1+ 32. Kh3 Bf6 33. Bxf6+ Rxf6 34. Rxa7 Kg8 35. Qe8+ Rf8 36. Qe6+ Kh8 37. Qe5+ Kg8 38. Qg7# 1-0

[Event "Early-Titled-Tuesday-Blitz-January-23-2024"]
[Site "Chess.com"]
[Date "2024.01.23"]
[Round "4"]
[White "JimDiGrease"]
[Black "Sadykov_Ramil"]
[Result "1-0"]
[WhiteElo "2963"]
[BlackElo "2605"]
[TimeControl "180+1"]
[EndTime "8:38:10 PST"]
[Termination "JimDiGrease won by resignation"]

1. d4 d5 2. c4 e6 3. Nf3 Nf6 4. Qc2 Be7 5. cxd5 exd5 6. Bf4 c6 7. e3 Nbd7 8. Nc3 Nf8 9. h3 Ne6 10. Bh2 O-O 11. Bd3 Re8 12. O-O g6 13. Rab1 a5 14. a3 Ng7 15. b4 axb4 16. axb4 Bf5 17. b5 Bxd3 18. Qxd3 Ra3 19. bxc6 bxc6 20. Rfc1 Ne6 21.
Qc2 Qa5 22. Ne5 Rc8 23. Rb7 Qd8 24. Nb5 Ra6 25. Na7 Bf8 26. Nxc8 Qxc8 27. Rxf7 Ne4 28. Rb1 Bd6 29. Rfb7 Qa8 30. Nd3 Ra2 31. Qc1 Bxh2+ 32. Kxh2 Nf8 33. Rb8 Qa7 34. Qxc6 Nxf2 35. Qxd5+ Kh8 36.
Rxf8+ 1-0

[Event "Early-Titled-Tuesday-Blitz-January-23-2024"]
[Site "Chess.com"]
[Date "2024.01.23"]
[Round "4"]
[White "MKlose11"]
[Black "Savagelittlemole"]
[Result "1-0"]
[WhiteElo "2641"]
[BlackElo "2456"]
[TimeControl "180+1"]
[EndTime "8:38:10 PST"]
[Termination "MKlose11 won by resignation"]

1. e4 c5 2. Nc3 g6 3. g3 Bg7 4. d3 e6 5. Be3 b6 6. Qd2 Bb7 7. Bg2 f5 8. Nge2 Nf6 9. O-O O-O 10.
e5 Nd5 11. Nxd5 Bxd5 12. Bxd5 exd5 13. d4 d6 14. f4 Nc6 15. c3 Rc8 16. Rad1 c4 17. Kg2 Qd7 18. Ng1 b5 19. a3 a5 20.
Nf3 Rb8 21. Ra1 b4 22. axb4 axb4 23. Ra6 bxc3 24. bxc3 Ra8 25. Rfa1 Rxa6 26. Rxa6 Rb8 27. Qa2 Nd8 28. Rxd6 Qb7 29. Qa5 Nf7 30. Qxd5 Qb2+ 31. Kh3 Qb1 32. Kg2 Qc2+ 33. Kh3 Qe2 34. Rd7 Rf8 35. Rxf7 Rxf7 36. Ng5 Qg4+ 37. Kg2 Qe2+ 38. Bf2 1-0

[Event "Early-Titled-Tuesday-Blitz-January-23-2024"]
[Site "Chess.com"]
[Date "2024.01.23"]
[Round "4"]
[White "DarkAlekhine"]
[Black "viktorgen2021"]
[Result "0-1"]
[WhiteElo "2705"]
[BlackElo "2543"]
[TimeControl "180+1"]
[EndTime "8:38:11 PST"]
[Termination "viktorgen2021 won by resignation"]

1. e4 g6 2. d4 Bg7 3. Nc3 d6 4. Be3 c6 5. a4 a5 6. h3 Nd7 7. Nf3 e5 8. dxe5 Nxe5 9. Nxe5 Bxe5 10. Qd2 Bg7 11. O-O-O Be6 12. Qxd6 Qxd6 13. Rxd6 Nf6 14.
Rd2 O-O 15. Be2 Rfe8 16. Rhd1 Bf8 17. Bd4 Nd7 18. f4 Bb4 19. Bf3 Nc5 20. b3 b5 21.
e5 Rac8 22. Bxc5 Bxc5 23. Ne4 Be3 24. Nf6+ Kf8 25. Nxe8 Kxe8 26. g3 bxa4 27. bxa4 Ke7 28. Kb2 Rb8+ 29. Kc3 Bc5 30. Rd6 Bb4+ 31. Kd4 Bxd6 32.
exd6+ Kxd6 33. Kc3+ Kc5 34. Re1 Rb4 35. Re5+ Kb6 36. Re4 Rb1 37. Rd4 Re1 38. Rd6 Re3+ 39. Rd3 Re1 40. g4 Ra1 41. Rd4 Ra3+ 42. Kb2 Rxf3 0-1

[Event "Early-Titled-Tuesday-Blitz-January-23-2024"]
[Site "Chess.com"]
[Date "2024.01.23"]
[Round "4"]
[White "grzechu96"]
[Black "ProChessWICTH"]
[Result "0-1"]
[WhiteElo "2694"]
[BlackElo "2533"]
[TimeControl "180+1"]
[EndTime "8:38:11 PST"]
[Termination "ProChessWICTH won on time"]

1. e4 c5 2. Nf3 e6 3. d4 cxd4 4.
Nxd4 a6 5. a3 Nc6 6. Nc3 Bc5 7. Be3 Qf6 8. Nf5 Bxe3 9. Nxe3 Nge7 10. Nc4 O-O 11. Nb6 Rb8 12. Be2 d5 13. exd5 exd5 14.
Nbxd5 Nxd5 15. Nxd5 Qxb2 16. O-O Be6 17. Nf4 Rbd8 18. Bd3 Bf5 19. Qb1 Qxb1 20. Rfxb1 Bxd3 21. Nxd3 b5 22. Nc5 Ra8 23. a4 Nd4 24. axb5 axb5 25. Rxa8 Rxa8 26. g3 Rc8 27. Ne4 Rxc2 28. Nd6 Rc5 29.
Rd1 Ne6 0-1

[Event "Early-Titled-Tuesday-Blitz-January-23-2024"]
[Site "Chess.com"]
[Date "2024.01.23"]
[Round "4"]
[White "winniethepooh04"]
[Black "Crazy_girl99"]
[Result "1-0"]
[WhiteElo "2536"]
[BlackElo "2608"]
[TimeControl "180+1"]
[EndTime "8:38:11 PST"]
[Termination "winniethepooh04 won by resignation"]

1. d4 Nf6 2. Nf3 g6 3. Bf4 Bg7 4. e3 c5 5. c3 cxd4 6. exd4 d5 7. Be2 Nc6 8. h3 O-O 9. Nbd2 Qb6 10. Qb3 Qxb3 11.
axb3 Bf5 12. O-O Ne4 13. b4 a6 14. Rfe1 f6 15. Bh2 e5 16. Nb3 Rfe8 17. Na5 Nxa5 18. Rxa5 Rad8 19. Bf1 Kf8 20. b5 axb5 21. Rxb5 Re7 22.
Ra1 g5 23. Ra7 Bc8 24. Raa5 Nd6 25. Rxd5 Be6 26. dxe5 fxe5 27. Rd1 Bb3 28. Rd2 Ke8 29. Bxe5 Bxe5 30. Rxe5 Rxe5 31. Nxe5 Ke7 32. Nf3 h6 33.
Nd4 Bf7 34. Nb5 Nxb5 35. Rxd8 Kxd8 36. Bxb5 Kc7 37. Kf1 Kd6 38. Ke2 Kc5 39. Bd3 Bd5 40. g3 b5 41. Ke3 b4 42. cxb4+ Kxb4 43. Kd4 Bg2 44. Bf5 Kb3 45. Ke5 h5 46. Kf6 g4 47.
hxg4 hxg4 48. Bxg4 Kxb2 49. f4 Kc3 50. Bf5 Kd4 51. Kg5 Ke3 52. g4 Bd5 53. Bh7 Kf3 54. f5 Be4 55. Bg8 Kg3 56. Be6 1-0

[Event "Early-Titled-Tuesday-Blitz-January-23-2024"]
[Site "Chess.com"]
[Date "2024.01.23"]
[Round "4"]
[White "Artyom_ChessMate"]
[Black "Aygehovit1992"]
[Result "1-0"]
[WhiteElo "2539"]
[BlackElo "2704"]
[TimeControl "180+1"]
[EndTime "8:38:12 PST"]
[Termination "Artyom_ChessMate won by resignation"]

1. e4 c5 2. Nc3 Nc6 3. Bb5 Nd4 4. Nf3 a6 5. Bd3 e6 6. O-O Nc6 7. b3 g5 8. Bb2 Bg7 9. Na4 Bxb2 10. Nxb2 g4 11.
Ne1 h5 12. f4 b5 13. a4 b4 14. Nc4 d6 15. a5 Bb7 16. Qe2 Nd4 17. Qf2 h4 18. e5 Nb5 19. exd6 Nxd6 20. f5 exf5 21. Qxc5 Nxc4 22. Bxc4 Ne7 23. Nd3 Rh6 24. Rae1 Rc8 25. Qxf5 Qd4+ 26. Kh1 f6 27. Qe6 Rc7 28. Qf7+ Kd8 29.
Qf8+ Kd7 30. Rxe7+ Kc6 31. Rxc7+ Kxc7 32. Qxh6 h3 33.
Qf4+ 1-0

[Event "Early-Titled-Tuesday-Blitz-January-23-2024"]
[Site "Chess.com"]
[Date "2024.01.23"]
[Round "4"]
[White "SHIVACalypso"]
[Black "Ali_rastbod"]
[Result "0-1"]
[WhiteElo "2436"]
[BlackElo "2715"]
[TimeControl "180+1"]
[EndTime "8:38:12 PST"]
[Termination "Ali_rastbod won by checkmate"]

1. Nf3 d5 2. c4 e6 3. g3 Nf6 4. Bg2 Be7 5. O-O O-O 6. b3 c6 7. Bb2 a5 8. d4 a4 9. Nbd2 a3 10. Bc3 b5 11. c5 Na6 12. b4 Nc7 13. Qb3 Ne4 14. Nxe4 dxe4 15. Ne5 Qd5 16. f3 f6 17. Nxc6 Qxc6 18. fxe4 Bb7 19. Rad1 Rad8 20. Qxa3 Kh8 21. Qb3 f5 22. d5 exd5 23. exf5 Bf6 24. Bxf6 Qxf6 25. a4 Bc6 26. axb5 Nxb5 27. e3 Qe5 28. g4 Ra8 29. Bxd5 Ra3 30. Qc4 Qxe3+ 31. Kh1 Rc3 32. Qf4 Bxd5+ 33. Rxd5 Qe2 34. Rfd1 Rc2 35. Qg3 Nc3 36. Rd8 Qe4+ 37. Kg1 Ne2+ 38. Kf1 Nxg3+ 39.
hxg3 Qf3+ 40. Kg1 Qg2# 0-1

[Event "Early-Titled-Tuesday-Blitz-January-23-2024"]
[Site "Chess.com"]
[Date "2024.01.23"]
[Round "4"]
[White "Mops_2004"]
[Black "Grischuk"]
[Result "1/2-1/2"]
[WhiteElo "2839"]
[BlackElo "3072"]
[TimeControl "180+1"]
[EndTime "8:38:13 PST"]
[Termination "Game drawn by agreement"]

1. Nf3 d5 2. g3 Bg4 3. Bg2 c6 4. h3 Bh5 5. O-O Nf6 6. d4 e6 7. c4 Be7 8. Nc3 O-O 9. g4 Bg6 10. Ne5 Nbd7 11. f4 Bb4 12. Qb3 a5 13. cxd5 cxd5 14. f5 exf5 15. gxf5 Bh5 16. Bf4 Bxc3 17. bxc3 Bxe2 18. Rfe1 Nxe5 19. dxe5 Bc4 20. Qxb7 Nh5 21.
Be3 Qh4 22. Qb6 Nf4 23. Bxf4 Qxf4 24. Qf2 Qxf2+ 25. Kxf2 Rab8 26. Kg3 Rb2 27. a4 Re8 28. Rad1 Ra2 29. Rd4 Kf8 30. e6 fxe6 31. fxe6 Ke7 32. Bxd5 Bxd5 33. Rxd5 Rxa4 34. Re3 1/2-1/2

[Event "Early-Titled-Tuesday-Blitz-January-23-2024"]
[Site "Chess.com"]
[Date "2024.01.23"]
[Round "4"]
[White "Reality-Stone"]
[Black "Road2GM3000"]
[Result "1-0"]
[WhiteElo "2618"]
[BlackElo "2436"]
[TimeControl "180+1"]
[EndTime "8:38:13 PST"]
[Termination "Reality-Stone won by resignation"]

1. Nf3 d5 2. g3 Nf6 3. Bg2 c6 4. O-O Bg4 5. d4 e6 6. c4 Nbd7 7. Nc3 Be7 8. b3 O-O 9. Bb2 h6 10. Nh4 Ne8 11. Nf3 Nd6 12. Ne5 Bf5 13. Nxd7 Qxd7 14.
c5 Ne4 15. Nxe4 Bxe4 16. f3 Bg6 17. e4 Rad8 18. Qe2 Bf6 19. Rad1 b6 20. b4 a5 21. bxa5 bxc5 22. dxc5 Qa7 23. Bxf6 gxf6 24. Qe3 Qxa5 25. exd5 exd5 26. Qxh6 Rfe8 27. Kh1 Re2 28. h4 Qxa2 29. h5 Bc2 30. Rd4 f5 31. Qg5+ Kh7 32.
Qxd8 Be4 33. fxe4 Rxg2 34. Qh4 Qe2 35. Rdd1 dxe4 36. Qh3 Rf2 37. Rxf2 Qxd1+ 38. Rf1 Qd5 39. Qxf5+ 1-0

[Event "Early-Titled-Tuesday-Blitz-January-23-2024"]
[Site "Chess.com"]
[Date "2024.01.23"]
[Round "4"]
[White "Jojo_898"]
[Black "AlexOstrovskiy"]
[Result "0-1"]
[WhiteElo "2447"]
[BlackElo "2788"]
[TimeControl "180+1"]
[EndTime "8:38:13 PST"]
[Termination "AlexOstrovskiy won by resignation"]

1. e4 d5 2. exd5 Nf6 3. c4 e6 4. dxe6 Bxe6 5. d4 Bb4+ 6. Nc3 Ne4 7. Ne2 Bxc4 8. Qc2 Nxc3 9. bxc3 Bd6 10. Qe4+ Kf8 11. Qxb7 Nd7 12. Ng3 Rb8 13. Qc6 Qe7+ 14.
Be3 Bxf1 15. Nxf1 h5 16. h4 Rh6 17. Qf3 Nf6 18. Nd2 Ng4 19. O-O Qxh4 20. Qh3 Qxh3 21. gxh3 Nxe3 22. fxe3 Rg6+ 23. Kh1 Rb2 24. Rf2 Rg3 25.
Raf1 Rxh3+ 26. Kg2 Rg3+ 27. Kh1 f6 28. e4 Rd3 29.
Nb1 Rxf2 0-1

[Event "Early-Titled-Tuesday-Blitz-January-23-2024"]
[Site "Chess.com"]
[Date "2024.01.23"]
[Round "4"]
[White "Mikhail_Golubev"]
[Black "Viktor_Poddubnyi"]
[Result "1-0"]
[WhiteElo "2510"]
[BlackElo "2259"]
[TimeControl "180+1"]
[EndTime "8:38:13 PST"]
[Termination "Mikhail_Golubev won on time"]

1. e4 g6 2. d4 Bg7 3. Nf3 d6 4. Be2 Nf6 5. Nc3 c6 6. a4 O-O 7. O-O Nbd7 8. Bf4 Nh5 9. Bg5 h6 10. Be3 e5 11. Qd2 Kh7 12. a5 Qe7 13. Rfd1 Re8 14.
dxe5 dxe5 15. Bc4 Nf8 16. Qd6 Be6 17. Qxe7 Rxe7 18. Bf1 Rd7 19. Nd2 Bf6 20. Nc4 Kg7 21.
Na4 Bxc4 22. Bxc4 Nf4 23. Rxd7 Nxd7 24. Rd1 Nf8 25. g3 N4e6 26. Bxe6 Nxe6 27. Rd7 Rd8 28. Rxb7 Rd1+ 29. Kg2 Nd4 30. Bxd4 Rxd4 31. Nc3 a6 32. Rb6 1-0

[Event "Early-Titled-Tuesday-Blitz-January-23-2024"]
[Site "Chess.com"]
[Date "2024.01.23"]
[Round "4"]
[White "TitarovVasiliYouTube"]
[Black "KVAIDAN"]
[Result "1-0"]
[WhiteElo "2554"]
[BlackElo "2356"]
[TimeControl "180+1"]
[EndTime "8:38:14 PST"]
[Termination "TitarovVasiliYouTube won by checkmate"]

1. e4 e5 2. Nc3 Nf6 3. Bc4 Be7 4.
Nf3 O-O 5. Nxe5 Nxe4 6. Nxe4 d5 7. O-O dxc4 8. Nxc4 Bf5 9. d3 Nc6 10. Be3 Qd5 11.
Nc3 Qe6 12. Qf3 Qg6 13. Nd5 Bd8 14. Bc5 Re8 15. Rfe1 Bh4 16. Nxc7 Bg4 17. Qf4 Rec8 18. Nd5 h5 19. h3 Bxh3 20. g3 Bg5 21. Qd6 Be6 22.
Nf4 Bxf4 23. Qxf4 b5 24. Ne5 Nxe5 25. Rxe5 Rc6 26. Rg5 Qh6 27. Bd4 f6 28. Qxf6 Qxf6 29.
Bxf6 Rc7 30. Be5 Rd7 31. Re1 Kf7 32. Rxg7+ Ke8 33. Rg6 Bf7 34. Rh6 Kf8 35. Rh8+ Bg8 36. Rxh5 Kf7 37. Rf5+ Ke6 38. Rf6+ Kd5 39. Bc3 a5 40. Re5# 1-0

[Event "Early-Titled-Tuesday-Blitz-January-23-2024"]
[Site "Chess.com"]
[Date "2024.01.23"]
[Round "4"]
[White "starworld123"]
[Black "Young_Catalan_Player09"]
[Result "1-0"]
[WhiteElo "2844"]
[BlackElo "2564"]
[TimeControl "180+1"]
[EndTime "8:38:15 PST"]
[Termination "starworld123 won by resignation"]

1. Nf3 d5 2. e3 Nf6 3. d4 g6 4.
b4 Bg7 5. c4 O-O 6. Nbd2 a5 7.
b5 c6 8. a4 Bf5 9. Bb2 Nbd7 10.
Be2 Ne4 11. O-O Ndf6 12. Nb3 cxb5 13. cxb5 Qb6 14. Ne5 Rfc8 15. Bd3 Rc7 16. Ba3 Rac8 17. Bc5 Nxc5 18. dxc5 Qe6 19. Nf3 Bxd3 20. Qxd3 Ne4 21. Nfd4 Qd7 22. c6 bxc6 23. bxc6 Qe8 24. Nxa5 e5 25. Nb5 Rxc6 26. Nxc6 Qxc6 27. Na7 Qc4 28.
Qxc4 Rxc4 29. a5 Nc5 30. Nc6 Nb3 31. Ra3 Nd2 32. a6 Nxf1 33. a7 Ng3 34. a8=Q+ Bf8 35.
hxg3 Rc1+ 36. Kh2 Rh1+ 37. Kxh1 1-0

[Event "Early-Titled-Tuesday-Blitz-January-23-2024"]
[Site "Chess.com"]
[Date "2024.01.23"]
[Round "4"]
[White "maurovargas01"]
[Black "01Roman"]
[Result "0-1"]
[WhiteElo "1853"]
[BlackElo "2465"]
[TimeControl "180+1"]
[EndTime "8:38:15 PST"]
[Termination "01Roman won on time"]

1. e4 Nf6 2. Nc3 e5 3. Bc4 Nxe4 4.
Qe2 Nxc3 5. Qxe5+ Qe7 6. Qxe7+ Bxe7 7. dxc3 c6 8. Nf3 d5 9. Bd3 h6 10. Bf4 Be6 11. O-O Nd7 12. Rfe1 O-O 13. Nd4 Bc5 14. Nxe6 fxe6 15. Bg3 e5 16. Bg6 Rf6 17. Bh5 Raf8 18. Re2 e4 19. Bg4 Nb6 20. a4 a5 21. Rb1 Bd6 22.
Bh4 g5 23. Bg3 Bxg3 24. hxg3 Nxa4 25. f3 exf3 26. gxf3 Nc5 27. Re7 R6f7 28. Rbe1 Rxe7 29. Rxe7 Rf7 30. Re8+ Kg7 31. Bh5 Rc7 0-1

[Event "Early-Titled-Tuesday-Blitz-January-23-2024"]
[Site "Chess.com"]
[Date "2024.01.23"]
[Round "4"]
[White "Predo63"]
[Black "Kapitan_Bayan"]
[Result "1-0"]
[WhiteElo "2480"]
[BlackElo "2324"]
[TimeControl "180+1"]
[EndTime "8:38:15 PST"]
[Termination "Predo63 won by resignation"]

1. d4 d5 2. Bf4 Nf6 3. e3 c5 4. c3 Nc6 5. Nd2 Bf5 6. Ngf3 h6 7.
h3 e6 8. Be2 Bd6 9. Bxd6 Qxd6 10.
O-O O-O 11. Bb5 Nd7 12. a3 a6 13. Bxc6 Qxc6 14. b4 c4 15. a4 b5 16. a5 f6 17. Re1 e5 18. Qe2 e4 19. Nh2 Be6 20. f3 f5 21. fxe4 fxe4 22. Rf1 Nf6 23. Rf2 Rf7 24.
Raf1 Raf8 25. Rf4 Qd7 26. g4 Nh7 27. Rxf7 Rxf7 28. Rxf7 Qxf7 29. Qf2 Ng5 30. Qxf7+ Kxf7 31. Kg2 Nh7 32. h4 Nf6 33. Kg3 Nd7 34. Kf4 Nf8 35. Ndf1 Kf6 36. g5+ hxg5+ 37. hxg5+ Ke7 38. Ng4 Ng6+ 39. Kg3 Kf7 40. Ne5+ Nxe5 41. dxe5 Kg6 42. Kf4 Kf7 43. Ng3 g6 44. Ne2 Bd7 45. Nd4 Ke7 46. Ne2 Be6 47. Kg3 Bf5 48. Nf4 Bc8 49. Nxd5+ Ke6 50.
Nf4+ Kxe5 51. Nxg6+ Ke6 52. Kf4 Bb7 53. Ne5 Bd5 54.
Ng4 Bc6 55. Nf6 Kf7 56. Nxe4 Kg6 57. Nc5 1-0

[Event "Early-Titled-Tuesday-Blitz-January-23-2024"]
[Site "Chess.com"]
[Date "2024.01.23"]
[Round "4"]
[White "DrCeltic"]
[Black "falzehope0"]
[Result "1-0"]
[WhiteElo "2617"]
[BlackElo "2419"]
[TimeControl "180+1"]
[EndTime "8:38:16 PST"]
[Termination "DrCeltic won by checkmate"]

1. e4 d6 2. d4 Nf6 3. Nc3 Nbd7 4.
Nf3 e5 5. Bc4 Be7 6. O-O c6 7. a4 Qc7 8. Re1 h6 9. a5 Nf8 10. d5 c5 11. a6 b6 12. Bb5+ Bd7 13.
Nd2 g5 14. Nc4 Ng6 15. Be3 Bxb5 16. Nxb5 Qd7 17. Qd3 Nf4 18. Qf1 Kf8 19. Nd2 Ng4 20. c3 Rg8 21. b4 Rb8 22. Reb1 Rc8 23. bxc5 dxc5 24. Nc4 Nf6 25. Nxe5 Qe8 26. Nc6 Rxc6 27. dxc6 Qxc6 28. Nxa7 Qxe4 29. Nc8 Kg7 30. Bxf4 gxf4 31. Re1 Qa8 32. Nxe7 Rd8 33. a7 Kh8 34. Nf5 Rg8 35. g3 Nh5 36. Nxh6 fxg3 37. Nxg8 gxh2+ 38. Kxh2 Kxg8 39. Qg2+ Qxg2+ 40. Kxg2 Nf4+ 41. Kf3 Kg7 42. Kxf4 Kf6 43. a8=Q b5 44. Qc6+ Kg7 45. Rg1+ Kf8 46. Ra8+ Ke7 47. Re8# 1-0

[Event "Early-Titled-Tuesday-Blitz-January-23-2024"]
[Site "Chess.com"]
[Date "2024.01.23"]
[Round "4"]
[White "Klavdia_Nik"]
[Black "funnyselfmate"]
[Result "0-1"]
[WhiteElo "2169"]
[BlackElo "2484"]
[TimeControl "180+1"]
[EndTime "8:38:16 PST"]
[Termination "funnyselfmate won on time"]

1. Nf3 d5 2. c4 c6 3. b3 Nf6 4. Bb2 e6 5. g3 Be7 6. Bg2 O-O 7. O-O Nbd7 8. d3 Ne8 9. e4 Nc5 10. Qe2 dxe4 11. dxe4 Qd3 12. Re1 Nd6 13. Nc3 Qxe2 14. Rxe2 a5 15. Rd1 Rd8 16. e5 Ne8 17. Red2 Rxd2 18.
Rxd2 a4 19. b4 Nd7 20. a3 Kf8 21. c5 b6 22. Nd4 bxc5 23. Nxc6 cxb4 24. Nxb4 Rb8 25. Nc6 Rb3 26. Nxe7 Kxe7 27. Bc6 Nxe5 0-1

[Event "Early-Titled-Tuesday-Blitz-January-23-2024"]
[Site "Chess.com"]
[Date "2024.01.23"]
[Round "4"]
[White "ViktoriyaTarasova"]
[Black "abelmat"]
[Result "1-0"]
[WhiteElo "2316"]
[BlackElo "2139"]
[TimeControl "180+1"]
[EndTime "8:38:16 PST"]
[Termination "ViktoriyaTarasova won on time"]

1. d4 d5 2. c4 e6 3. Nc3 Nf6 4. cxd5 exd5 5. Bg5 c6 6. Qc2 Be7 7. e3 O-O 8. Bd3 Nbd7 9. Nge2 Re8 10. O-O Nf8 11.
h3 Ng6 12. Rae1 Bd6 13. f3 h6 14. Bxf6 Qxf6 15. e4 Qg5 16. g4 Bf4 17. exd5 Be3+ 18. Kh1 Qh4 19. Kg2 Nf4+ 20. Nxf4 Bxg4 21. fxg4 Bxf4 22.
Rxe8+ Rxe8 23. Rxf4 Re3 24. Rf3 Re7 25. dxc6 bxc6 26.
Qf2 Qg5 27. Ne4 Qc1 28. Nd6 Re1 29. Rxf7 Re8 30. Nxe8 1-0

[Event "Early-Titled-Tuesday-Blitz-January-23-2024"]
[Site "Chess.com"]
[Date "2024.01.23"]
[Round "4"]
[White "Valy02chess"]
[Black "publicaccountcze"]
[Result "0-1"]
[WhiteElo "2137"]
[BlackElo "2316"]
[TimeControl "180+1"]
[EndTime "8:38:16 PST"]
[Termination "publicaccountcze won on time"]

1. e4 c5 2. Nf3 e6 3. d4 cxd4 4. Nxd4 a6 5. Nc3 Qc7 6. Bd3 Nf6 7. O-O Bc5 8. Nb3 Ba7 9. Qe2 O-O 10. Be3 Bxe3 11.
Qxe3 Nc6 12. f4 d6 13. Rf3 b5 14. Re1 Bb7 15. Rh3 e5 16. Nd5 Nxd5 17. exd5 f5 18.
dxc6 Qxc6 19. Bf1 Rae8 20. fxe5 dxe5 21. Qc3 f4 22. Qxc6 Bxc6 23. Nd2 e4 24. Rh5 f3 25. gxf3 exf3 26. Kf2 Rxe1 27. Kxe1 f2+ 28. Ke2 Bd7 29. h3 b4 30. Ne4 Bb5+ 0-1

[Event "Early-Titled-Tuesday-Blitz-January-23-2024"]
[Site "Chess.com"]
[Date "2024.01.23"]
[Round "4"]
[White "KevinGeorgeMicheal"]
[Black "AyMitecK"]
[Result "1-0"]
[WhiteElo "2346"]
[BlackElo "2614"]
[TimeControl "180+1"]
[EndTime "8:38:17 PST"]
[Termination "KevinGeorgeMicheal won by resignation"]

1. d4 Nf6 2. Nf3 e6 3. c4 c5 4. Nc3 a6 5. g3 cxd4 6. Nxd4 Nc6 7. Bg2 Qb6 8. Nc2 Bc5 9. O-O Ng4 10. Ne4 Nce5 11.
b3 Be7 12. Bb2 f5 13. Nd2 Bc5 14. e3 Nd3 15. Bxg7 Rg8 16. Bc3 h5 17. b4 Be7 18.
c5 Qc7 19. Nc4 Nxc5 20. bxc5 Qxc5 21. Qd4 Qxd4 22. Bxd4 d5 23. Nb6 Rb8 24. h3 Bf6 25. hxg4 Bxd4 26. Nxd4 hxg4 27. Rfc1 Bd7 28. Rc7 Ba4 29.
Nxe6 1-0

[Event "Early-Titled-Tuesday-Blitz-January-23-2024"]
[Site "Chess.com"]
[Date "2024.01.23"]
[Round "4"]
[White "tolimachess"]
[Black "agvega14"]
[Result "1-0"]
[WhiteElo "2485"]
[BlackElo "2160"]
[TimeControl "180+1"]
[EndTime "8:38:17 PST"]
[Termination "tolimachess won on time"]

1. e4 c5 2. Nc3 e6 3. g3 d5 4.
exd5 exd5 5. Bg2 Nf6 6. Nge2 Nc6 7. O-O Be7 8. d4 cxd4 9. Nxd4 O-O 10. Re1 h6 11. Be3 Bg4 12. Qd2 Rc8 13. a3 Re8 14. Ndb5 a6 15. Nd4 Ne5 16. Bxh6 Nc4 17. Qg5 Bf8 18.
Rxe8 Qxe8 19. Nxd5 Nxd5 20. Bxd5 Qe5 21. Qxg4 Qxd5 22.
Qxc8 Qxd4 23. Bf4 b5 24. c3 Qd5 25. Re1 g5 26. Be3 Nd6 27. Qd8 Qe6 28. Qxg5+ Bg7 29.
Rd1 Ne4 30. Qd5 Qg6 31. f3 Nf6 32. Qa8+ Kh7 33. Qxa6 Qc2 34. Rd2 Qc1+ 35. Kg2 Qe1 36. Qb6 Nh5 37. Qc5 Nf6 38. Qf5+ Kg8 39. Rd8+ Bf8 40.
Bf2 Qe7 41. Qg5+ Kh7 42. Rxf8 Qxf8 43. Qxf6 1-0

[Event "Early-Titled-Tuesday-Blitz-January-23-2024"]
[Site "Chess.com"]
[Date "2024.01.23"]
[Round "4"]
[White "Manukyan_Artak"]
[Black "the_blue_pill"]
[Result "1-0"]
[WhiteElo "2511"]
[BlackElo "2265"]
[TimeControl "180+1"]
[EndTime "8:38:19 PST"]
[Termination "Manukyan_Artak won on time"]

1. e4 c5 2. Nf3 d6 3. Bb5+ Nd7 4.
O-O Nf6 5. Re1 e6 6. c3 Be7 7. d4 O-O 8. Bg5 a6 9. Bd3 h6 10. Bh4 b6 11. Nbd2 cxd4 12. cxd4 Bb7 13. e5 Nd5 14.
Bxe7 Qxe7 15. Ne4 dxe5 16. dxe5 Nc5 17. Nxc5 Qxc5 18. Rc1 Qe7 19. Bb1 Rac8 20. Qd3 g6 21. h4 Rxc1 22. Rxc1 Rd8 23. Rd1 Rc8 24. h5 Nf4 25.
Qe3 Bxf3 26. gxf3 Nxh5 27. Qxh6 Rc4 28. Rd6 Ng7 29. Rxb6 Qc7 30. Rxa6 Qb7 31. Rd6 Qc7 32. Kg2 Nf5 33. Bxf5 exf5 34. b3 Rc3 35. Qg5 Kg7 36.
Qf6+ Kh7 37. Rd4 1-0

[Event "Early-Titled-Tuesday-Blitz-January-23-2024"]
[Site "Chess.com"]
[Date "2024.01.23"]
[Round "4"]
[White "ChessboArt"]
[Black "AljoschaFeuerstack"]
[Result "0-1"]
[WhiteElo "2199"]
[BlackElo "2620"]
[TimeControl "180+1"]
[EndTime "8:38:20 PST"]
[Termination "AljoschaFeuerstack won on time"]

1. Nf3 d5 2. g3 c6 3. Bg2 g6 4. b3 Bg7 5. d4 Nf6 6. Bb2 O-O 7.
O-O Bf5 8. Nbd2 Re8 9. Ne5 Nbd7 10. Nxd7 Qxd7 11. Re1 Rad8 12. c4 Bh3 13. Bh1 Ng4 14. cxd5 cxd5 15. Rc1 Bh6 16. e3 Qf5 17. Nf3 Nf6 18.
Ne5 Rc8 19. Qf3 Ne4 20. g4 Qxf3 21. Bxf3 f6 22. Nd3 f5 23. gxf5 gxf5 24. Ne5 Kh8 25. Nf7+ Kg7 26. Nxh6 Kxh6 27. Bxe4 fxe4 28. Kh1 Rg8 29.
Rxc8 Rxc8 30. Rc1 Rf8 0-1

[Event "Early-Titled-Tuesday-Blitz-January-23-2024"]
[Site "Chess.com"]
[Date "2024.01.23"]
[Round "4"]
[White "Bauman_Guy"]
[Black "Kostya0705"]
[Result "1-0"]
[WhiteElo "2891"]
[BlackElo "2588"]
[TimeControl "180+1"]
[EndTime "8:38:21 PST"]
[Termination "Bauman_Guy won by resignation"]

1. e4 c5 2. Nf3 e6 3. d4 cxd4 4. Nxd4 Nc6 5. Nc3 Qc7 6. g3 a6 7. Bg2 Nf6 8. O-O Nxd4 9. Qxd4 Bc5 10. Qd3 d6 11. Be3 Nd7 12. Rad1 Ne5 13. Qe2 Bxe3 14. Qxe3 O-O 15. b3 b5 16. Rd2 Bb7 17. Rfd1 Rfd8 18. h3 h6 19. f4 Nc6 20. a4 Nb4 21. Qd4 Rac8 22. Nxb5 Qa5 23. Nxd6 Nxc2 24. Nxb7 Qc7 25. Qf2 Rxd2 26. Rxd2 Nb4 27. Kh2 Qxb7 28. e5 Qc7 29. Qd4 a5 30. h4 Qc3 31. h5 Qxb3 32. Be4 Qxa4 33. Qd8+ Qe8 34. Qxa5 Rb8 35. Qc5 Qa4 36. Qc7 Qe8 37. Qd6 Kh8 38. Kh3 Kg8 39. g4 Kh8 40. g5 f5 41. exf6 Qxh5+ 42. Kg3 Rg8 43. fxg7+ Rxg7 44. Qd8+ Rg8 45. Qf6+ 1-0

[Event "Early-Titled-Tuesday-Blitz-January-23-2024"]
[Site "Chess.com"]
[Date "2024.01.23"]
[Round "4"]
[White "djano"]
[Black "HeroWilczek"]
[Result "1-0"]
[WhiteElo "2663"]
[BlackElo "2437"]
[TimeControl "180+1"]
[EndTime "8:38:21 PST"]
[Termination "djano won on time"]

1. e4 e6 2. d4 d5 3. Bd3 dxe4 4. Bxe4 Nf6 5. Bf3 c5 6. Ne2 Nc6 7. Be3 cxd4 8. Nxd4 Ne5 9. Nc3 Nxf3+ 10. Qxf3 Be7 11.
O-O-O Qa5 12. g4 e5 13. Nf5 Bxf5 14. Qxf5 g6 15. Qf3 O-O 16. g5 Nh5 17. Kb1 Rac8 18. Nd5 Bc5 19. Bd2 Qa6 20. Rhe1 Qc6 21. Bc3 Rfe8 22.
Rxe5 Rxe5 23. Bxe5 Bd6 24. Qb3 Kf8 25. Bc3 b5 26. a3 Qc4 27. Qxc4 Rxc4 28. Ne3 Rc6 29.
Rxd6 Rxd6 30. Bb4 Ke7 31. Nd5+ Ke6 32. Nc7+ Ke5 33. Bxd6+ Kxd6 34. Nxb5+ Kc5 35. Nxa7 Nf4 36. b4+ Kb6 37. Nc8+ Kc7 38. Ne7 Kd7 39. Ng8 1-0